 Dungeon Crawl Stone Soup version 0.20.1-1-g8b1a95d (webtiles) character file.

395674 equalderp2856 the Hoplite (level 22, -1/204 HPs)
             Began as a Minotaur Fighter on Sept 30, 2017.
             Slain by a lich (7 damage)
             ... on level 3 of the Crypt.
             The game lasted 03:36:02 (79686 turns).

equalderp2856 the Hoplite (Minotaur Fighter)       Turns: 79686, Time: 03:36:03

Health: -1/204     AC: 27    Str: 29    XL:     22   Next: 18%
Magic:  0/34       EV: 18    Int: 10    God:
Gold:   1656       SH:  0    Dex: 20    Spells: 34/40 levels left

rFire    . . .     SeeInvis +   w - +5 war axe (chop)
rCold    . . .     Gourm    .   j - +5 shield "Vom Ethri" {MR+ SInv}
rNeg     . . .     Faith    .   h - +2 plate armour {rPois}
rPois    +         Spirit   +   y - +2 hat
rElec    .         Reflect  .   P - +0 cloak
rCorr    .         Harm     .   U - +1 pair of gloves of Ennui {*Drain rPois Dex+8 SInv}
MR       ++...                  T - +0 pair of boots
Stlth    ..........             C - amulet of guardian spirit
Regen    0.5/turn               F - +6 ring of evasion
MPRegen  0.3/turn               A - +5 ring of strength

@: confused, hasted, drained, very quick
A: retaliatory headbutt, horns 2
}: 2/15 runes: serpentine, barnacled
a: no special abilities


You were on level 3 of the Crypt.
You were not hungry.

You visited 8 branches of the dungeon, and saw 39 of its levels.
You visited 1 bazaar.
You also visited: Labyrinth and Ice Cave.

You collected 4062 gold pieces.
You spent 2406 gold pieces at shops.

Inventory:

Hand Weapons
 g - a +3 vampiric broad axe
 q - a +0 broad axe
 w - a +5 war axe of chopping (weapon)
 M - a +6 demon trident of electrocution
 X - a +2 hand crossbow of velocity
Missiles
 H - 927 bolts
Armour
 a - a +0 pair of boots
 h - a +2 plate armour of poison resistance (worn)
 j - the +5 shield "Vom Ethri" (worn) {MR+ SInv}
   (You found it on level 3 of the Lair of Beasts)

   It affects your resistance to hostile enchantments.
   It lets you see invisible.
 y - a +2 hat (worn)
 J - a +0 large shield
 P - a +0 cloak (worn)
 Q - a +1 pair of gloves of archery
 T - a +0 pair of boots (worn)
 U - the +1 pair of gloves of Ennui (worn) {*Drain rPois Dex+8 SInv}
   (You found it on level 3 of the Vaults)

   It affects your dexterity (+8).
   It protects you from poison.
   It lets you see invisible.
   It causes draining when unequipped.
 Z - a +2 chain mail of magic resistance
Jewellery
 t - an uncursed ring of wizardry
 A - a +5 ring of strength (right hand)
 C - an amulet of guardian spirit (around neck)
 D - a +3 ring of intelligence
 E - an uncursed ring of flight
 F - a +6 ring of evasion (left hand)
 L - an uncursed ring of protection from magic
 W - an uncursed amulet of harm
Wands
 i - a wand of digging (14/24)
 l - a wand of confusion (33/48)
 v - a wand of confusion (21/48)
 K - a wand of disintegration (0/24)
 O - a wand of clouds (7/9)
 V - a wand of disintegration (14/24)
Scrolls
 c - 7 scrolls of fog
 m - 7 scrolls of teleportation
 s - 10 scrolls of remove curse
 u - 4 scrolls of magic mapping
 B - 2 scrolls of fear
 I - 5 scrolls of identify
 R - a scroll of blinking
Potions
 b - a potion of haste
 d - 6 potions of might
 o - a potion of invisibility
 r - 2 potions of curing
 x - 3 potions of magic
 G - 2 potions of resistance
 S - 5 potions of agility
 Y - 2 potions of ambrosia
Books
 p - a book of Power

   Spells                             Type                      Level
   a - Iskenderun's Battlesphere      Conjuration/Charms           5
   b - Venom Bolt                     Conjuration/Poison           5
   c - Bolt of Magma                  Conjuration/Fire/Earth       5
   d - Iron Shot                      Conjuration/Earth            6
   e - Orb of Destruction             Conjuration                  7
   f - Spellforged Servitor           Conjuration/Summoning        7
Miscellaneous
 e - a phial of floods
 n - a sack of spiders
 z - a lamp of fire
Comestibles
 f - 24 bread rations
 k - a meat ration


   Skills:
 + Level 18.8(18.4) Fighting
 + Level 21.0(20.7) Axes
 + Level 3.4(14.3) Polearms
 + Level 16.4(16.1) Armour
 - Level 5.4(5.1) Dodging
 + Level 3.7(3.5) Stealth
 + Level 23.6(23.1) Shields
 * Level 9.8(9.5) Spellcasting
 * Level 9.7(9.4) Charms
 + Level 1.2(1.0) Necromancy
 + Level 4.3(4.0) Evocations


You had 34 spell levels left.
You knew the following spells:

 Your Spells              Type           Power        Failure   Level  Hunger
a - Regeneration          Chrm/Necr      ###.......   26%         3    ##.....
b - Shroud of Golubria    Chrm/Tloc      ##........   17%         2    #......
c - Infusion              Chrm           ###.         1%          1    None


Dungeon Overview and Level Annotations

Branches:
Dungeon (15/15)            Temple (1/1) D:7            Lair (6/6) D:10
 Shoals (4/4) Lair:3        Snake (4/4) Lair:2        Slime (0/5) Lair:6
    Orc (2/2) D:11            Elf (0/3) Orc:2        Vaults (4/5) D:14
  Crypt (3/3) Vaults:2       Tomb (0/3) Crypt:3      Depths (0/5) D:15

Altars:
Ashenzari
Cheibriados
Dithmenos
Elyvilon
Fedhas
Gozag
Hepliaklqana
Kikubaaqudgha
Makhleb
Nemelex Xobeh
Okawaru
Qazlal
Ru
Sif Muna
Trog
Uskayaw
Vehumet
Xom
Yredelemnul
Zin
The Shining One
Beogh

Shops:
D:9 [:?   D:14 %   Orc:2 !!%?   Shoals:1 =   Snake:1 =   Snake:2 =}=
Vaults:1 *%=[[   Vaults:4 (

Portals:
Trove: Vaults:3 (give 5 scrolls of blinking)

Annotations:
Snake:4 Rhok's ghost, adept MiFi
Vaults:4 1 exclusion


Innate Abilities, Weirdness & Mutations

You reflexively headbutt those who attack you in melee.
You have a pair of horns on your head.


Message History

The wandering mushroom releases spores at you!
* * * LOW HITPOINT WARNING * * *
You are engulfed in a cloud of spores!
The deathcap draws from the surrounding life force!
* * * LOW HITPOINT WARNING * * *
The deathcap is healed.
Unknown command.
You feel yourself speed up. The lich barely misses you.
The wandering mushroom barely misses you.
The deathcap releases spores at you but does no damage.
The lich completely misses you.
Unknown command.
You bump into the stone wall.
The deathcap draws from the surrounding life force!
* * * LOW HITPOINT WARNING * * *
The curse toe calls on the powers of darkness!
Your body is wracked with pain!
* * * LOW HITPOINT WARNING * * *
The lich touches you!
You die...

≈≈..}}).M≈≈≈≈#...#......#
...:=|:)...≈≈#.......####
....):=%....≈#...#...#
...........###.)###..####
#..###..<[.# ....
#...##.(...# ###'''#
##.f........# .....Z.
#..z#f...#### .......
##..L@f......# #......
###....###...#.#
##''''§##.f.ff.# #...#)#
.........ff##### #..##.#
#.#.....# #..##.#
#...##### #..##.## ###.
#..#...# #. #......# #.
#......#


You could see a curse toe, a lich, 2 deathcaps and 6 wandering mushrooms.

Vanquished Creatures
  Mara (Vaults:2)
  Boris (Crypt:1)
  Margery (Crypt:3)
  Vashnia (Snake:2)
  Nikola (Snake:2)
  A bone dragon (Crypt:3)
  Rupert (Orc:2)
  A lich (Crypt:3)
  2 sphinxes
  5 ancient champions
  A tengu reaver (D:14)
  3 krakens
  A revenant (Crypt:2)
  Ilsuiw (Shoals:4)
  A storm dragon (Vaults:2)
  9 nagarajas
  Aizul (Snake:3)
  2 fire giants
  A deep elf sorcerer (Vaults:2)
  9 vault wardens
  A frost giant (Vaults:3)
  An orc warlord (Vaults:2)
  6 ghouls
  4 curse skulls
  18 ironheart preservers
  3 very ugly things (Vaults:4)
  6 stone giants
  Nessos (D:13)
  4 vampire knights
  2 deep elf annihilators
  2 deep elf demonologists
  2 eidola
  7 deep elf death magi
  Snorg (Lair:1)
  9 merfolk javelineers
  3 fire dragons
  5 ettins
  5 jiangshi
  4 yaktaur captains
  4 merfolk impalers
  A minotaur (Lab)
  Fannar (Orc:1)
  8 vault guards
  Harold (Orc:1)
  A great orb of eyes (Vaults:2)
  2 rakshasas (Vaults:2)
  15 naga warriors
  7 merfolk avatars
  6 hydras
  3 ice dragons
  3 alligator snapping turtles
  12 centaur warriors
  A satyr (Shoals:2)
  A two-headed ogre (shapeshifter) (Vaults:2)
  19 anacondas
  4 death knights
  4 merfolk aquamancers
  24 two-headed ogres
  A deep troll shaman (Vaults:4)
  11 ogre magi
  2 vampire magi
  A soul eater (Crypt:1)
  12 shock serpents
  6 deep elf knights
  24 naga sharpshooters
  8 hell knights
  27 skeletal warriors
  3 shadow wraiths
  A storm dragon skeleton (Crypt:2)
  5 salamander mystics
  28 sea snakes
  5 flayed ghosts
  7 deep trolls
  A glowing orange brain (Vaults:4)
  An orange crystal statue (Vaults:3)
  3 wizards
  2 unseen horrors
  3 naga ritualists (Snake:4)
  8 deep elf archers
  8 lindwurms
  8 necromancers
  33 harpies
  10 phantasmal warriors
  11 ironbrand convokers
  2 golden dragon skeletons (Crypt:2)
  12 mana vipers
  24 deep elf magi
  6 salamanders
  30 ugly things
  14 orc knights
  2 oklob plants
  3 wolf spiders
  7 fauns
  A cyclops (shapeshifter) (Vaults:1)
  3 orc sorcerers
  A salamander (shapeshifter) (D:14)
  21 manticores
  12 guardian serpents
  22 naga magi
  2 elephants
  4 centaur zombies
  4 cyclopes
  A frost giant skeleton (Crypt:2)
  13 vault sentinels
  An ice statue (IceCv)
  11 merfolk sirens
  6 water nymphs
  2 gargoyles (Lab)
  35 black mambas
  A titan simulacrum (Crypt:2)
  A torpor snail (Lair:4)
  8 spiny frogs
  7 rime drakes
  The ghost of arta the Firebug, a novice HuFE (D:4)
  An efreet (D:15)
  8 komodo dragons
  25 yaktaurs
  13 freezing wraiths
  8 guardian mummies (Crypt:3)
  22 merfolk
  A red draconian skeleton (Crypt:3)
  6 trolls
  A green draconian skeleton (Crypt:1)
  A minotaur zombie (Crypt:1)
  A troll (shapeshifter) (Vaults:3)
  3 polar bears
  3 bog bodies
  A jumping spider (shapeshifter) (Vaults:3)
  A raiju (shapeshifter) (Vaults:2)
  A wind drake (shapeshifter) (D:12)
  5 slime creatures (D:14)
  4 wind drakes
  4 hornets
  3 wolf spider simulacra (IceCv)
  11 blink frogs
  4 dream sheep (Shoals:4)
  A jumping spider zombie (Crypt:2)
  A hydra skeleton (Crypt:3)
  13 snapping turtles
  6 flying skulls
  11 hippogriffs
  9 water elementals
  A redback (Lab)
  3 wyverns
  11 wraiths
  18 yaks
  A shadow (D:14)
  A human (D:8)
  3 hogs (D:8)
  A basilisk (Lair:5)
  A hog (shapeshifter) (Vaults:2)
  The ghost of equalderp2856 the Magician, an amateur FeWz (D:5)
  4 hungry ghosts (Lab)
  8 vampire mosquitoes (D:14)
  5 wargs
  A soldier ant (D:14)
  A swamp worm (Snake:1)
  An acid dragon (D:12)
  A glowing shapeshifter zombie (Crypt:1)
  A water nymph zombie (Crypt:2)
  61 nagas
  18 water moccasins
  13 porcupines
  2 deep troll zombies
  50 orc warriors
  5 black bears
  4 phantoms
  4 sky beasts
  8 necrophages
  An ettin simulacrum (Vaults:3)
  36 ogres
  10 ice beasts
  An alligator simulacrum (IceCv)
  25 centaurs
  14 wolves
  A blink frog skeleton (Crypt:3)
  An orc skeleton (Vaults:1)
  A swamp dragon zombie (Crypt:2)
  12 crocodiles
  2 lindwurm skeletons
  A swamp dragon skeleton (Crypt:2)
  A yaktaur zombie (Crypt:2)
  A rime drake zombie (Crypt:2)
  4 big kobolds
  23 bullfrogs
  2 human skeletons (Vaults:1)
  A wyvern skeleton (D:14)
  2 scorpions
  10 wights
  A polar bear skeleton (Crypt:3)
  8 howler monkeys
  15 jellies
  A lava snake (D:13)
  8 crimson imps
  A yaktaur simulacrum (Vaults:1)
  3 draconian simulacra (IceCv)
  3 quasits
  6 hounds
  A bullfrog skeleton (D:10)
  8 centaur skeletons
  21 orc priests
  15 orc wizards
  A demonspawn zombie (Crypt:1)
  6 iguanas
  5 worker ants
  8 troll simulacra
  A killer bee zombie (D:5)
  A deep dwarf zombie (Crypt:1)
  A centaur simulacrum (IceCv)
  A hound skeleton (Crypt:1)
  A howler monkey zombie (Crypt:2)
  A worker ant zombie (D:8)
  4 gnolls (D:3)
  5 naga simulacra (IceCv)
  A scorpion zombie (Crypt:3)
  13 adders
  4 ogre simulacra (IceCv)
  A shadow imp (D:10)
  12 white imps (IceCv)
  An adder zombie (D:5)
  4 oozes
  An adder skeleton (Crypt:1)
  4 worms
  A dart slug (D:1)
  2 leopard geckos
  91 orcs
  4 giant cockroaches
  11 goblins
  4 hobgoblins
  20 jackals
  36 kobolds
  8 quokkas
  3 ball pythons
  A ball python skeleton (Crypt:3)
  3 bats
  7 frilled lizards
  A jackal skeleton (D:5)
  A leopard gecko skeleton (D:6)
  5 rats
  3 crawling corpses
  2 fungi
  37 plants
  11 tentacles
1694 creatures vanquished.

Vanquished Creatures (others)
  2 deep elf knights
  2 deep elf magi
  A yaktaur (Vaults:2)
  A naga (Snake:4)
  13 fungi
  42 plants
  25 tentacles
86 creatures vanquished.

Grand Total: 1780 creatures vanquished

Notes
Turn   | Place    | Note
-------+----------+-------------------------------------------
     0 | D:1      | equalderp2856 the Minotaur Fighter began the quest for the Orb.
     0 | D:1      | Reached XP level 1. HP: 19/19 MP: 0/0
     2 | D:1      | Noticed a demigod
     4 | D:1      | Noticed a demonspawn
     4 | D:1      | Noticed a minotaur
     6 | D:1      | Noticed a naga
     8 | D:1      | Noticed a vampire
     8 | D:1      | Noticed an ogre
    10 | D:1      | Noticed a human
    10 | D:1      | Noticed a spriggan
    12 | D:1      | Noticed a formicid
    14 | D:1      | Noticed a troll
    14 | D:1      | Noticed a ghoul
    16 | D:1      | Noticed a dwarf
    18 | D:1      | Noticed an octopode
    18 | D:1      | Noticed a vine stalker
    20 | D:1      | Noticed a merfolk
    20 | D:1      | Noticed a halfling
    22 | D:1      | Noticed a gargoyle
    22 | D:1      | Noticed a draconian
    24 | D:1      | Noticed a felid
    24 | D:1      | Noticed a tengu
    26 | D:1      | Noticed an elf
    26 | D:1      | Noticed a centaur
   286 | D:1      | Reached XP level 2. HP: 27/27 MP: 1/1
   824 | D:2      | Reached XP level 3. HP: 30/33 MP: 2/2
   864 | D:2      | Reached skill level 4 in Shields
   873 | D:2      | Found a basalt altar of Yredelemnul.
  1453 | D:3      | Reached XP level 4. HP: 38/40 MP: 3/3
  1514 | D:2      | Found a sparkling altar of Nemelex Xobeh.
  1928 | D:3      | Noticed a phantom
  2103 | D:3      | Killed a phantom
  2103 | D:3      | Reached skill level 1 in Dodging
  2103 | D:3      | Reached XP level 5. HP: 20/46 MP: 4/4
  2277 | D:3      | Reached skill level 5 in Armour
  2277 | D:3      | Reached XP level 6. HP: 53/53 MP: 5/5
  2339 | D:3      | Found a radiant altar of Vehumet.
  2479 | D:3      | Reached skill level 5 in Axes
  2734 | D:3      | Reached skill level 5 in Shields
  2948 | D:4      | Noticed a wyvern
  2955 | D:4      | Killed a wyvern
  3350 | D:4      | Noticed arta's ghost (novice HuFE)
  3374 | D:4      | Killed arta's ghost
  3374 | D:4      | Reached skill level 1 in Stealth
  3374 | D:4      | Reached XP level 7. HP: 28/60 MP: 6/6
  3698 | D:4      | Reached skill level 5 in Fighting
  3896 | D:5      | Entered Level 5 of the Dungeon
  3938 | D:5      | Noticed equalderp2856's ghost (amateur FeWz)
  3968 | D:5      | Killed equalderp2856's ghost
  3968 | D:5      | Reached skill level 6 in Shields
  3968 | D:5      | Reached XP level 8. HP: 18/68 MP: 7/7
  5614 | D:6      | Reached XP level 9. HP: 58/75 MP: 8/8
  6009 | D:7      | Reached skill level 7 in Shields
  6037 | D:7      | Reached skill level 10 in Axes
  6085 | D:7      | Reached skill level 8 in Shields
  6300 | D:7      | Found a staircase to the Ecumenical Temple.
  6639 | Temple   | Entered the Ecumenical Temple
  6964 | D:8      | Found a bloodstained altar of Trog.
  7164 | D:8      | Noticed a two-headed ogre
  7172 | D:8      | Killed a two-headed ogre
  7172 | D:8      | Reached skill level 9 in Shields
  7172 | D:8      | Reached XP level 10. HP: 50/86 MP: 9/9
  7903 | D:9      | Found Saphesuc's Magic Scroll Emporium.
  7903 | D:9      | Found Soygua's Book Boutique.
  7905 | D:9      | Found a bloodstained altar of Trog.
  7921 | D:9      | Reached skill level 10 in Shields
  7945 | D:9      | Bought a scroll of teleportation for 36 gold pieces
  7945 | D:9      | Bought a scroll of fog for 24 gold pieces
  8008 | D:9      | Found Ikuryaplamn's Antique Armour Emporium.
  8630 | D:10     | Entered Level 10 of the Dungeon
  8674 | D:10     | Noticed Snorg
  8996 | D:10     | Paralysed by a hornet for 3 turns
  9454 | D:10     | Noticed a two-headed ogre
  9460 | D:10     | Killed a two-headed ogre
  9529 | D:10     | Found a staircase to the Lair.
  9697 | Lair:1   | Entered Level 1 of the Lair of Beasts
  9714 | Lair:1   | Reached XP level 11. HP: 80/94 MP: 10/10
 10221 | Lair:1   | Reached skill level 11 in Shields
 11270 | D:9      | Bought a pair of embroidered gloves for 300 gold pieces
 11701 | Lair:2   | Found a staircase to the Snake Pit.
 12089 | Lair:2   | Noticed an oklob plant
 12101 | Lair:2   | Reached skill level 1 in Evocations
 12845 | Lair:3   | Found a staircase to the Shoals.
 12989 | Lair:3   | Noticed a lindwurm
 13132 | Lair:3   | Noticed an oklob plant
 13445 | Lair:3   | Noticed a lindwurm
 13446 | Lair:3   | Noticed a lindwurm
 13518 | Lair:4   | Reached skill level 10 in Armour
 13522 | Lair:4   | Found a labyrinth entrance.
 13522 | Lair:4   | Noticed a four-headed hydra
 13547 | Lair:4   | Killed a four-headed hydra
 13553 | Lair:4   | Noticed a five-headed hydra
 13610 | Lab      | Entered a labyrinth
 13882 | Lab      | Reached skill level 12 in Shields
 13906 | Lab      | Reached skill level 1 in Polearms
 13965 | Lab      | Got a slimy shortbow
 15598 | Lab      | Noticed a minotaur
 15613 | Lab      | Killed a minotaur
 15633 | Lab      | Identified the +9 shortbow of Discomfort {velocity, rN+} (You found it in a labyrinth)
 15861 | Lair:4   | Noticed a six-headed hydra
 15879 | Lair:4   | Killed a six-headed hydra
 16163 | Lair:4   | Reached XP level 12. HP: 93/104 MP: 12/12
 16654 | Lair:4   | Killed a five-headed hydra
 16915 | Lair:5   | Reached skill level 13 in Shields
 17090 | Lair:5   | Noticed a seven-headed hydra
 17100 | Lair:5   | Killed an eight-headed hydra
 18089 | Lair:6   | Entered Level 6 of the Lair of Beasts
 18222 | Lair:6   | Found a frozen archway.
 18259 | IceCv    | Entered an ice cave
 18673 | IceCv    | Reached skill level 10 in Fighting
 18930 | IceCv    | Reached skill level 14 in Shields
 19531 | IceCv    | Found an ancient bone altar of Kikubaaqudgha.
 19584 | IceCv    | Reached skill level 15 in Axes
 19949 | IceCv    | Reached XP level 13. HP: 98/113 MP: 13/13
 21917 | Lair:6   | Found a staircase to the Slime Pits.
 23109 | Lair:6   | Reached skill level 15 in Shields
 23937 | Lair:1   | Killed Snorg
 24320 | Lair:5   | Identified the cursed +1 mace of Eternal War {drain, Str+2} (You found it on level 5 of the Lair of Beasts)
 25429 | Lair:3   | Got a transparent shield
 25503 | Lair:4   | Identified the +5 shield "Vom Ethri" {MR+ SInv} (You found it on level 3 of the Lair of Beasts)
 26312 | Lair:3   | Got a jewelled quarterstaff
 26454 | Lair:1   | Identified the +7 quarterstaff "Gigoank" {pain, SInv} (You found it on level 3 of the Lair of Beasts)
 26770 | D:11     | Found a staircase to the Orcish Mines.
 26796 | Orc:1    | Entered Level 1 of the Orcish Mines
 26884 | Orc:2    | Entered Level 2 of the Orcish Mines
 26952 | Orc:2    | Reached skill level 5 in Dodging
 26956 | Orc:2    | Reached XP level 14. HP: 105/124 MP: 15/15
 27146 | Orc:2    | Found Xedorous's Food Shoppe.
 27307 | Orc:2    | Found Pumontud's Magic Scroll Boutique.
 27819 | Orc:2    | Noticed Rupert
 27948 | Orc:1    | Noticed Harold
 27957 | Orc:1    | Killed Harold
 28648 | Orc:1    | Reached skill level 16 in Shields
 29108 | Orc:2    | Found a roughly hewn altar of Beogh.
 29141 | Orc:2    | Found Bimatyube's Distillery.
 29141 | Orc:2    | Found Quopov's Distillery.
 29157 | Orc:2    | Found a staircase to the Elven Halls.
 29844 | Orc:1    | Noticed Fannar
 29892 | Orc:1    | Killed Fannar
 30259 | Orc:1    | You fall through a shaft!
 30348 | Orc:1    | Paralysed by fainting for 11 turns
 30411 | Orc:2    | Killed Rupert
 30656 | D:9      | Bought a book of Battle for 560 gold pieces
 30672 | D:9      | Learned a level 3 spell: Regeneration
 30675 | D:9      | Learned a level 2 spell: Shroud of Golubria
 30677 | D:9      | Learned a level 1 spell: Infusion
 31089 | D:11     | Found a blossoming altar of Fedhas.
 31270 | D:12     | Reached skill level 1 in Charms
 32077 | D:13     | Reached skill level 1 in Spellcasting
 32334 | D:13     | Noticed Nessos
 32385 | D:13     | Killed Nessos
 33106 | D:9      | Bought a shiny plate armour for 1040 gold pieces
 33416 | Snake:1  | Entered Level 1 of the Snake Pit
 34392 | Snake:1  | Found Hawaq's Jewellery Shop.
 34833 | Snake:2  | Noticed Vashnia
 34878 | Snake:2  | Found Muasa's Jewellery Emporium.
 34878 | Snake:2  | Found Asade's Gadget Shop.
 34879 | Snake:2  | Found Wagof's Jewellery Emporium.
 35204 | Snake:2  | Reached skill level 17 in Shields
 35221 | Snake:2  | Reached XP level 15. HP: 48/133 MP: 17/17
 35658 | Snake:2  | Noticed Nikola
 36081 | Snake:2  | Noticed a nagaraja
 36093 | Snake:1  | Killed a nagaraja
 36286 | Snake:2  | Killed Nikola
 36808 | Snake:2  | Killed Vashnia
 39239 | Snake:3  | Noticed Aizul
 39258 | Snake:3  | Killed Aizul
 39258 | Snake:3  | Reached skill level 18 in Shields
 39344 | Snake:3  | Noticed a nagaraja
 39593 | Snake:3  | Killed a nagaraja
 40026 | Snake:3  | Reached XP level 16. HP: 143/143 MP: 20/20
 40255 | Snake:4  | Entered Level 4 of the Snake Pit
 40669 | Snake:4  | Found a deep blue altar of Sif Muna.
 41038 | Snake:4  | Noticed Rhok's ghost (adept MiFi)
 42592 | Snake:4  | Reached skill level 5 in Charms
 44565 | Snake:4  | Reached skill level 19 in Shields
 44728 | Snake:4  | Reached skill level 5 in Spellcasting
 45301 | Snake:4  | Reached XP level 17. HP: 150/151 MP: 23/23
 45542 | Snake:4  | Got a serpentine rune of Zot
 46131 | Shoals:1 | Entered Level 1 of the Shoals
 46507 | Shoals:1 | Found Zohimu's Jewellery Shop.
 48287 | Shoals:3 | Noticed a kraken
 48303 | Shoals:3 | Killed a kraken
 48398 | Shoals:3 | Reached skill level 20 in Shields
 48851 | Shoals:4 | Entered Level 4 of the Shoals
 49130 | Shoals:4 | Reached XP level 18. HP: 157/162 MP: 26/26
 49215 | Shoals:4 | Noticed Ilsuiw
 49248 | Shoals:4 | Killed Ilsuiw
 49708 | Shoals:4 | Reached skill level 15 in Fighting
 50326 | Shoals:4 | Got a barnacled rune of Zot
 50876 | Shoals:4 | Got a smoking chain mail
 50887 | Shoals:4 | Identified the +3 chain mail of the Arcane {rPois rF+} (You found it on level 4 of the Shoals)
 51349 | D:14     | Found Zatah's Food Shop.
 51972 | D:14     | Found a gate to the Vaults.
 52039 | D:14     | Reached skill level 15 in Armour
 52404 | D:15     | Entered Level 15 of the Dungeon
 52458 | D:15     | Found a staircase to the Depths.
 53100 | D:15     | Reached skill level 21 in Shields
 55401 | Shoals:1 | Got an iridescent longbow
 55422 | Shoals:1 | Identified the +8 longbow of World's End {velocity, Int+3} (You found it on level 1 of the Shoals)
 57408 | Shoals:3 | Reached XP level 19. HP: 172/172 MP: 28/28
 57785 | Vaults:1 | Entered Level 1 of the Vaults
 58170 | Vaults:1 | Found Ruwy Ah Xekk's Jewellery Shoppe.
 58189 | Vaults:1 | Found Wumpux's Armour Shoppe.
 58952 | Vaults:1 | Found Hixumini's Food Boutique.
 59423 | Vaults:1 | Found Waahy's General Store.
 59558 | Vaults:1 | Noticed a Brimstone Fiend
 59568 | Vaults:1 | HP: 5/172 [Brimstone Fiend/damnation[an ironheart preserver] (20)]
 60275 | Vaults:1 | Found Soneom's Antique Armour Shop.
 61722 | Vaults:2 | Found a staircase to the Crypt.
 61722 | Vaults:2 | Found an ancient bone altar of Kikubaaqudgha.
 61723 | Vaults:2 | Found a basalt altar of Yredelemnul.
 62057 | Vaults:2 | Reached skill level 22 in Shields
 62060 | Vaults:2 | Got a scorched amber ring
 62251 | Vaults:2 | Reached XP level 20. HP: 150/182 MP: 26/31
 63259 | Vaults:3 | Found a flickering gateway to a bazaar.
 63264 | Bazaar   | Entered a bazaar
 63264 | Bazaar   | Found Afirry's Jewellery Emporium.
 63264 | Bazaar   | Found Votie's Magic Scroll Shoppe.
 63264 | Bazaar   | Found Kekel's Weapon Emporium.
 63264 | Bazaar   | Found Zeps's Assorted Antiques.
 63294 | Bazaar   | Bought a dented diamond amulet for 130 gold pieces
 63301 | Bazaar   | Bought a scroll of teleportation for 36 gold pieces
 63301 | Bazaar   | Bought a scroll of fear for 42 gold pieces
 63301 | Bazaar   | Bought a scroll of teleportation for 36 gold pieces
 63301 | Bazaar   | Bought a scroll of teleportation for 36 gold pieces
 63301 | Bazaar   | Bought a scroll of identify for 24 gold pieces
 63301 | Bazaar   | Bought a scroll of identify for 24 gold pieces
 63301 | Bazaar   | Bought a scroll of identify for 24 gold pieces
 63301 | Bazaar   | Bought a scroll of magic mapping for 42 gold pieces
 63320 | Bazaar   | Identified the ring "Umiubyr" {rPois MR- Int+4 Dex+4 Stlth+} (You took it off an ironheart preserver on level 2 of the Vaults)
 63337 | Bazaar   | Bought a ring of intelligence for 52 gold pieces
 64187 | Vaults:3 | Found a portal to a secret trove of treasure.
 64990 | Vaults:3 | Noticed Mara
 65340 | Vaults:3 | Noticed equalderp2856's illusion
 65561 | Vaults:3 | Noticed equalderp2856's illusion
 65718 | Vaults:3 | Noticed equalderp2856's illusion
 65751 | Vaults:2 | Noticed equalderp2856's illusion
 65874 | Vaults:2 | Noticed equalderp2856's illusion
 66622 | Vaults:2 | Killed Mara
 67031 | Vaults:3 | Got a pair of dazzling gloves
 67043 | Vaults:3 | Identified the +1 pair of gloves of Ennui {*Drain rPois Dex+8 SInv} (You found it on level 3 of the Vaults)
 68097 | Vaults:4 | Reached XP level 21. HP: 162/193 MP: 30/33
 69055 | Vaults:4 | Found Qinlagust's Antique Weapon Shoppe.
 71278 | Shoals:4 | Got a pitted troll leather armour
 71471 | Lair:1   | Identified the +0 troll leather armour "Kepuowk" {Regen+ SInv} (You found it on level 4 of the Shoals)
 72113 | Crypt:1  | Entered Level 1 of the Crypt
 72534 | Crypt:1  | Noticed Boris
 72547 | Crypt:1  | Killed Boris
 72818 | Crypt:1  | Reached skill level 23 in Shields
 77562 | Crypt:2  | Paralysed by fainting for 7 turns
 77713 | Crypt:3  | Entered Level 3 of the Crypt
 77713 | Crypt:3  | Noticed an ancient lich
 78625 | Crypt:3  | Found a staircase to the Tomb.
 79013 | Crypt:3  | Reached XP level 22. HP: 106/204 MP: 10/34
 79231 | Crypt:3  | Noticed Margery
 79243 | Crypt:3  | Killed Margery
 79264 | Crypt:3  | Reached skill level 1 in Necromancy
 79597 | Crypt:3  | Noticed a curse toe
 79675 | Crypt:3  | HP: 7/204 [balrug/divine providence[a lich] (8)]
 79686 | Crypt:3  | HP: 8/204 [deathcap/drain life[a curse toe] (17)]
 79686 | Crypt:3  | Slain by a lich

Skill      XL: |  1  2  3  4  5  6  7  8  9 10 11 12 13 14 15 16 17 18 19 20 21 22 |
---------------+-------------------------------------------------------------------+-----
Axes           | 3 4 6 7 9 11 12 13 15 16 17 18 19 20 21 | 21.0
Armour         | 4 5 6 7 9 10 11 12 13 14 15 16 | 16.4
Shields        | 4 5 6 9 10 12 14 15 17 18 19 20 21 22 23 | 23.6
Fighting       | 4 5 7 9 10 11 12 13 14 15 16 17 18 | 18.8
Dodging        | 1 2 3 4 5 |  5.4
Stealth        | 1 2 3 |  3.7
Evocations     | 1 2 3 4 |  4.3
Polearms       | 2 3 |  3.4
Charms         | 2 4 5 6 7 8 9 |  9.7
Spellcasting   | 2 3 5 6 7 8 9 |  9.8
Necromancy     | 1 |  1.2

Action                   |  1- 3 |  4- 6 |  7- 9 | 10-12 | 13-15 | 16-18 | 19-21 | 22-24 || total
-------------------------+-------+-------+-------+-------+-------+-------+-------+-------++-------
Melee: War axe           |   103 |   149 |   328 |   729 |  1752 |   918 |  2099 |   114 ||  6192
       Headbutt          |    12 |    25 |    65 |   182 |   434 |   567 |   658 |    46 ||  1989
       Trident           |       |       |       |    37 |    12 |    14 |       |       ||    63
       Broad axe         |       |       |       |       |       |  1243 |       |       ||  1243
       Demon trident     |       |       |       |       |       |    17 |       |       ||    17
 Cast: Regeneration      |       |       |       |       |       |       |    12 |     1 ||    13
       Infusion          |       |       |       |       |       |       |     1 |     1 ||     2
       Shroud of Golubri |       |       |       |       |       |       |       |     2 ||     2
 Abil: Evoke Flight      |       |       |       |       |     2 |     2 |       |       ||     4
Evoke: Wand              |       |       |     5 |    24 |    39 |     3 |    15 |       ||    86
       Lamp of fire      |       |       |       |       |     2 |       |     2 |       ||     4
       Phial of floods   |       |       |       |       |     2 |     1 |       |       ||     3
  Use: Potion            |       |       |     1 |     1 |     9 |     5 |     6 |     6 ||    28
       Scroll            |       |       |     4 |    13 |    21 |     4 |    11 |       ||    53
 Stab: Confused          |       |       |       |       |     4 |       |       |       ||     4
  Eat: Chunk             |     2 |     5 |    14 |    18 |    27 |    29 |    30 |       ||   125
       Royal jelly       |       |       |       |     8 |     5 |     2 |     1 |     1 ||    17
       Fruit             |       |       |       |     3 |     7 |     7 |    21 |       ||    38
       Meat ration       |       |       |       |     1 |     4 |     5 |     4 |       ||    14
       Bread ration      |       |       |       |       |       |       |     1 |       ||     1
Armor: Scale mail        |    56 |    58 |    55 |       |       |       |       |       ||   169
       Plate armour      |       |       |    42 |   137 |   199 |   565 |    67 |    62 ||  1072
       Chain mail        |       |       |       |   117 |   131 |    29 |   271 |       ||   548
Dodge: Dodged            |    35 |    40 |    70 |   213 |   498 |   712 |   560 |   107 ||  2235
Block: Shield            |    62 |    71 |    83 |       |  1191 |  2234 |  1729 |   100 ||  5470
       Large shield      |       |       |   163 |   736 |   427 |       |       |       ||  1326
